AoeStats
← AxingQuestions

African Clearing

504366068Analyzed
4v4 RM · 27d ago on Sep 5, 2026· 40m 14s· 8 players
Game mode
Random Map
Map size
Large (8 player)
Population
200
Speed
Normal
Resources
Standard
Victory
Conquest
Starting age
Dark Age
Ending age
Imperial Age
RankedLock teamsTeams togetherTeam positionsShared explorationLock speedFull tech treeHidden civsTurbo modeCheats
Victory
Defeat
🇵🇪 Byzantines · Peru
1182
+17
🇺🇸 Bengalis · United States
1178
+17
1157
+18
🇨🇦 Mongols · Canada
1110
+21
🇹🇼 Italians · Taiwan
1226
-19
🇦🇷 Khmer · Argentina
1220
-19
🇧🇩 Japanese · Bangladesh
1202
-18
1173
-17
AxingQuestions
7:41 Loom
14:08 Feudal Age
15:20 Double-Bit Axe
15:49 Horse Collar
18:13 Castle Age
19:18 Bow Saw
20:57 Heavy Plow
21:49 Wheelbarrow
24:39 Hand Cart
24:34 Town Watch
26:46 Gold Mining
28:43 Town Patrol
28:49 Husbandry
29:00 Bloodlines
29:57 Gold Shaft Mining
32:01 Imperial Age
30:13 Scale Barding Armor
30:21 Forging
30:23 Stone Mining
31:32 Chain Barding Armor
32:21 Elite Battle Elephant
33:46 Iron Casting
34:25 Plate Barding Armor
34:20 Conscription
34:34 Paiks
35:15 Crop Rotation
36:01 Two-Man Saw
37:02 Blast Furnace
37:24 Mahayana
38:01 Treadmill Crane
38:34 Masonry
38:45 Fletching
38:59 Murder Holes
重生之我是至臻枫丹人
7:52 Loom
12:31 Feudal Age
15:07 Wheelbarrow
19:13 Double-Bit Axe
19:31 Fletching
19:42 Padded Archer Armor
19:52 Horse Collar
25:26 Castle Age
25:21 Gold Mining
25:28 Crossbowman
27:06 Bodkin Arrow
32:52 Ballistics
37:17 Hand Cart
thegladiator989
3:33 Loom
19:29 Feudal Age
20:47 Wheelbarrow
23:00 Castle Age
24:31 Forging
24:27 Scale Barding Armor
25:06 Horse Collar
35:21 Double-Bit Axe
Fandado
7:21 Loom
14:12 Feudal Age
18:28 Castle Age
16:48 Horse Collar
17:34 Double-Bit Axe
17:31 Horse Collar
21:11 Wheelbarrow
24:23 Elite Skirmisher
24:59 Fletching
26:56 Gold Mining
30:24 Stone Mining
34:14 Imperial Age
33:04 Ballistics
33:26 Gold Shaft Mining
33:44 Hand Cart
33:36 Bodkin Arrow
35:01 Stone Shaft Mining
34:36 Padded Archer Armor
36:14 Chemistry
35:31 Pikeman
36:14 Scale Mail Armor
36:36 Squires
36:39 Bracer
37:05 Leather Archer Armor
38:40 Chain Mail Armor
37:51 Halberdier
39:25 Forging
40:38 Guilds
40:58 Coinage
Gunslinger
10:25 Loom
13:24 Feudal Age
14:30 Double-Bit Axe
15:08 Horse Collar
21:34 Castle Age
19:56 Stone Mining
19:58 Gold Mining
23:13 Bow Saw
35:54 Wheelbarrow
35:49 Heavy Plow
38:20 Gold Shaft Mining
38:37 Hand Cart
小小財
13:23 Feudal Age
13:26 Loom
17:50 Castle Age
15:53 Fletching
17:49 Padded Archer Armor
17:45 Double-Bit Axe
19:51 Horse Collar
25:36 Bodkin Arrow
ሰላምنعمة˙ʞɐɥʇ
6:42 Loom
13:42 Feudal Age
19:49 Castle Age
18:11 Double-Bit Axe
20:12 Fletching
23:15 Bodkin Arrow
24:07 Padded Archer Armor
25:18 Bow Saw
24:50 Horse Collar
28:37 Heavy Plow
31:08 Wheelbarrow
30:18 Town Watch
33:54 Husbandry
34:04 Bloodlines
37:05 Imperial Age
35:21 Scale Barding Armor
35:32 Leather Archer Armor
36:57 Ballistics
37:00 Chain Barding Armor
36:51 Forging
38:22 Iron Casting
38:28 Hand Cart
38:41 Conscription
38:54 Bracer
39:25 Ring Archer Armor
39:27 Gold Mining
39:28 Stone Mining
39:23 Light Cavalry
Klingon86
9:22 Loom
11:50 Feudal Age
12:30 Double-Bit Axe
12:53 Horse Collar
15:15 Town Watch
20:53 Scale Barding Armor
23:01 Castle Age
21:55 Forging
23:12 Light Cavalry
24:54 Husbandry
25:29 Bloodlines
29:14 Wheelbarrow
29:07 Chain Barding Armor
38:17 Fletching
Connection lost

Rejoining the realm…

Still unreachable

The connection could not be restored.

Session expired

The server has moved on; the page needs a fresh start.